[Event "Titled Tuesday Blitz November 29 Late 2022"]
[White "Clawitter, Craig"]
[Black "Tarnowska, Aleksandra"]
[WhiteFideId "2023105"]
[BlackFideId "1180967"]
[WhiteElo "2262"]
[BlackElo "1776"]
[Result "1/2-1/2"]
[Round "05"]
[TimeControl "180+1"]
[Date "2022.11.30"]
[WhiteClock "0:00:06"]
[BlackClock "0:00:05"]

1. e4 c5 2. Nf3 e6 3. d4 cxd4 4. Nxd4 a6 5. Bd3 Bc5 6. Nb3 Be7 7. Nc3 Qc7 8. O-O d6 9. f4 Nd7 10. Kh1 Ngf6 11. Qe2 b5 12. Bd2 Bb7 13. Rae1 O-O 14. e5 dxe5 15. fxe5 Nd5 16. Qh5 g6 17. Qh6 Nxe5 18. Nxd5 Bxd5 19. Bf4 Bd6 20. Bg5 Rfe8 21. Bf6 Bf8 22. Qh4 Nxd3 23. cxd3 Bg7 24. Bxg7 Kxg7 25. Qf6+ Kg8 26. Re3 Qe7 27. Qf2 Qg5 28. Rg3 Qf5 29. Qe2 Bf3 30. Rfxf3 Qd5 31. Rf4 Rac8 32. Rgf3 Re7 33. h4 Qh5 34. Kh2 e5 35. Re4 f5 36. Rxe5 Qxh4+ 37. Rh3 Rxe5 38. Qxe5 Qg4 39. Qe6+ Kg7 40. Qd7+ Kf6 41. Qxc8 Qf4+ 42. Rg3 Qh4+ 43. Kg1 Qxg3 44. Qd7 Qe1+ 45. Kh2 Qh4+ 46. Kg1 Qe1+ 47. Kh2 Qh4+ 48. Kg1 Qe1+ 1/2-1/2


[Site "https://www.chess.com"]

[Event "Titled Tuesday Blitz November 29 Late 2022"]
[White "Corrales Jimenez, Fidel"]
[Black "Chigaev, Maksim"]
[WhiteFideId "3506690"]
[BlackFideId "4108116"]
[WhiteElo "2541"]
[BlackElo "2541"]
[Result "1-0"]
[Round "05"]
[TimeControl "180+1"]
[Date "2022.11.30"]
[WhiteClock "0:00:24"]
[BlackClock "0:00:02"]

1. e4 c5 2. Nf3 e6 3. d4 cxd4 4. Nxd4 Nf6 5. Nc3 Nc6 6. Ndb5 d6 7. Bf4 e5 8. Bg5 a6 9. Na3 b5 10. Bxf6 gxf6 11. Nd5 f5 12. Bd3 Be6 13. O-O Bxd5 14. exd5 Ne7 15. Re1 Bg7 16. c3 Qd7 17. Nc2 h5 18. a4 bxa4 19. Nb4 a5 20. Nc6 e4 21. Bxe4 fxe4 22. Rxe4 Be5 23. Nxe7 Kxe7 24. f4 f6 25. Raxa4 Rab8 26. fxe5 dxe5 27. Rxa5 Rxb2 28. Rb4 Rxb4 29. cxb4 Qg4 30. Ra7+ Kd6 31. Qa4 Qd4+ 32. Kh1 e4 33. Qd7+ Ke5 34. Qe6+ Kf4 35. g3+ Ke3 36. Ra3+ Kd2 37. Qc6 Qb2 38. Qa4 Qb1+ 39. Kg2 e3 40. b5 Rc8 41. Qd4+ Kc2 42. Qe4+ Kc1 43. Qxe3+ Kb2 44. Rb3+ 1-0


[Site "https://www.chess.com"]

[Event "Titled Tuesday Blitz November 29 Late 2022"]
[White "Czopor, Maciej"]
[Black "Szyszylo, Rafal"]
[WhiteFideId "21805431"]
[BlackFideId "1109626"]
[WhiteElo "2324"]
[BlackElo "1981"]
[Result "1-0"]
[Round "05"]
[TimeControl "180+1"]
[Date "2022.11.30"]
[WhiteClock "0:01:00"]
[BlackClock "0:00:02"]

1. c4 d6 2. Nc3 g6 3. d4 Bg7 4. e4 Nf6 5. f4 O-O 6. Nf3 Na6 7. Bd3 e5 8. fxe5 dxe5 9. d5 Nc5 10. Bc2 Bg4 11. O-O a5 12. Bg5 h6 13. Bh4 Qc8 14. h3 Bxf3 15. Qxf3 Ra6 16. b3 g5 17. Bf2 b6 18. a3 Ncd7 19. b4 axb4 20. axb4 Rxa1 21. Rxa1 Qb7 22. Ba4 Ra8 23. Rf1 Rf8 24. Bc6 Qa7 25. Nb5 Qa2 26. Qd3 Nb8 27. Nxc7 Nxc6 28. dxc6 Nh5 29. Nd5 Nf4 30. Nxf4 exf4 31. Bxb6 Qa6 32. Bc5 Rc8 33. b5 Qa2 34. Qd7 Qa8 35. Rd1 Kh7 36. Qxf7 Qa4 37. Qf5+ 1-0


[Site "https://www.chess.com"]

[Event "Titled Tuesday Blitz November 29 Late 2022"]
[White "D`Arruda, Ricardo D."]
[Black "Mesa Cruz, Juan Carlos"]
[WhiteFideId "100692"]
[BlackFideId "6423400"]
[WhiteElo "2452"]
[BlackElo "2059"]
[Result "1-0"]
[Round "05"]
[TimeControl "180+1"]
[Date "2022.11.30"]
[WhiteClock "0:00:45"]
[BlackClock "0:00:01"]

1. d4 Nf6 2. Nf3 e6 3. c4 d5 4. Nc3 dxc4 5. e3 c5 6. Bxc4 Nbd7 7. O-O cxd4 8. exd4 a6 9. Re1 Nb6 10. Bb3 Be7 11. Qe2 O-O 12. Bf4 Nbd5 13. Be5 Nxc3 14. bxc3 Bd7 15. c4 b5 16. c5 Bc6 17. Rac1 a5 18. a3 Qd7 19. Bg3 Rac8 20. Ne5 Qxd4 21. Nxc6 Rxc6 22. Be5 Qh4 23. Qxb5 Rfc8 24. Qxa5 Rxc5 25. Rxc5 Bxc5 26. Bg3 Qh5 27. Qa6 Rf8 28. a4 Qg5 29. Qb5 Nh5 30. Bd6 Bxd6 31. Qxg5 1-0


[Site "https://www.chess.com"]

[Event "Titled Tuesday Blitz November 29 Late 2022"]
[White "Dardha, Daniel"]
[Black "Bluebaum, Matthias"]
[WhiteFideId "240990"]
[BlackFideId "24651516"]
[WhiteElo "2528"]
[BlackElo "2633"]
[Result "0-1"]
[Round "05"]
[TimeControl "180+1"]
[Date "2022.11.30"]
[WhiteClock "0:00:03"]
[BlackClock "0:00:46"]

1. d4 Nf6 2. Bg5 d5 3. Bxf6 gxf6 4. c4 dxc4 5. e3 c5 6. Bxc4 cxd4 7. Nf3 Nc6 8. exd4 e6 9. O-O Bg7 10. Nc3 O-O 11. Re1 f5 12. d5 Na5 13. Bb3 Nxb3 14. Qxb3 Qb6 15. Qc4 Bd7 16. Ne5 Bxe5 17. Rxe5 Qxb2 18. Rae1 Rac8 19. Qh4 f6 20. R5e3 e5 21. d6 f4 22. Nd5 fxe3 23. Ne7+ Kh8 24. fxe3 Rc1 25. Qf2 Qxf2+ 26. Kxf2 Rxe1 27. Kxe1 Kg7 28. Ke2 Be6 29. Kd3 Rd8 30. e4 Rxd6+ 31. Ke3 Rd7 32. Nc8 Rd3+ 33. Kxd3 Bxc8 0-1


[Site "https://www.chess.com"]

[Event "Titled Tuesday Blitz November 29 Late 2022"]
[White "Darini, Pouria"]
[Black "Urazayev, Arystanbek"]
[WhiteFideId "12502200"]
[BlackFideId "13709810"]
[WhiteElo "2483"]
[BlackElo "2441"]
[Result "1-0"]
[Round "05"]
[TimeControl "180+1"]
[Date "2022.11.30"]
[WhiteClock "0:00:06"]
[BlackClock "0:00:03"]

1. e4 e5 2. Nf3 Nc6 3. Bb5 a6 4. Ba4 Nf6 5. d3 Bc5 6. O-O d6 7. c3 O-O 8. Bg5 h6 9. Bh4 g5 10. Bg3 Nh7 11. d4 exd4 12. cxd4 Ba7 13. d5 Ne7 14. Nd4 f5 15. exf5 Nxf5 16. Nxf5 Bxf5 17. Nc3 Qf6 18. Bc2 Bxc2 19. Qxc2 h5 20. h3 h4 21. Bh2 Rae8 22. Kh1 Qf5 23. Qb3 g4 24. hxg4 Qxg4 25. f3 Qc8 26. Ne4 Nf6 27. Nxf6+ Rxf6 28. Rae1 Rxe1 29. Rxe1 h3 30. g4 Qf8 31. f4 Qf7 32. Qxb7 Bb6 33. Qc8+ Kg7 34. Re6 Qg6 35. Qd7+ Kg8 36. Qd8+ Kg7 37. f5 Rxe6 38. Qd7+ Kg8 39. Qxe6+ Qxe6 40. dxe6 Bd4 41. g5 Bxb2 42. f6 d5 43. e7 Kf7 44. g6+ Ke8 45. g7 1-0


[Site "https://www.chess.com"]

[Event "Titled Tuesday Blitz November 29 Late 2022"]
[White "De Souza, Cristiano Gomes"]
[Black "Sarkar, Justin"]
[WhiteFideId "2151758"]
[BlackFideId "2010011"]
[WhiteElo "2068"]
[BlackElo "2239"]
[Result "0-1"]
[Round "05"]
[TimeControl "180+1"]
[Date "2022.11.30"]
[WhiteClock "0:00:01"]
[BlackClock "0:00:06"]

1. d4 Nf6 2. c4 e6 3. Nf3 d5 4. Nc3 Ne4 5. cxd5 exd5 6. e3 Bb4 7. Bd2 Bxc3 8. bxc3 O-O 9. c4 Bg4 10. cxd5 Qxd5 11. Qb3 Qf5 12. Be2 Nxd2 13. Kxd2 Nd7 14. Rac1 c5 15. Qd3 Qf6 16. Rhd1 Rfd8 17. Ke1 Rac8 18. dxc5 Nxc5 19. Qc3 Nd3+ 20. Qxd3 Rxd3 21. Rxc8+ Bxc8 22. Rxd3 h6 23. Nd4 Be6 24. a3 Bc4 25. Rc3 Bxe2 26. Kxe2 Qb6 27. Kf3 Kh7 28. h3 a5 29. g4 Qf6+ 30. Ke2 Qe5 31. f4 Qe4 32. Nf3 b5 33. Rc7 b4 34. axb4 axb4 35. Nd4 Qg2+ 36. Kd3 Qxh3 37. Rxf7 Qxg4 38. Nf5 h5 39. Nxg7 Qxg7 40. Rxg7+ Kxg7 41. Kc4 h4 42. Kxb4 h3 43. Kc5 h2 44. Kd4 h1=Q 45. Ke5 Qf3 46. e4 Kf7 47. f5 Qg3+ 48. Kd5 Kf6 49. Kd4 Qe5+ 50. Kd3 Kg5 0-1


[Site "https://www.chess.com"]

[Event "Titled Tuesday Blitz November 29 Late 2022"]
[White "Domingo Nunez, Ruben"]
[Black "Goltsev, Dmitry"]
[WhiteFideId "22245570"]
[BlackFideId "24176710"]
[WhiteElo "2406"]
[BlackElo "2289"]
[Result "1-0"]
[Round "05"]
[TimeControl "180+1"]
[Date "2022.11.30"]
[WhiteClock "0:00:13"]
[BlackClock "0:01:05"]

1. Nf3 d5 2. g3 c6 3. Bg2 Nf6 4. O-O g6 5. b3 Bg7 6. Bb2 O-O 7. e3 Ne8 8. d4 Nd7 9. c4 e6 10. Nc3 Nd6 11. Ba3 Qe7 12. Rc1 f5 13. Qe2 b6 14. Ne1 a5 15. cxd5 exd5 16. Bxd5+ cxd5 17. Nxd5 Qf7 18. Nc7 Bb7 19. Bxd6 Rfe8 20. Nxa8 Qd5 21. Qc4 Rxa8 22. Qxd5+ Bxd5 23. Rc7 Nf6 24. Be5 Nh5 25. Bxg7 Nxg7 26. f3 Ne6 27. Rd7 Bc6 28. Rd6 Nd8 29. Nd3 Bb5 30. Rd1 Nf7 31. Rxb6 Be8 32. Rc1 a4 33. b4 Ng5 34. Kf2 Bf7 35. a3 Bd5 36. Ne5 Kg7 37. Rc5 Bb3 38. Rc7+ Kh6 39. h4 Ne6 40. Re7 Nf8 41. Nf7+ Kh5 42. Ne5 Rc8 43. Kg2 Rc2+ 44. Kh3 Bc4 45. g4+ fxg4+ 46. fxg4+ Kh6 47. Rbb7 Bf1+ 48. Kg3 Rg2+ 49. Kf3 g5 50. Rb6+ Ng6 51. Nxg6 hxg6 52. h5 Be2+ 53. Kxg2 Bf3+ 54. Kg3 Be4 55. Rxe4 Kh7 56. Rxg6 Kh8 57. d5 Kh7 58. d6 Kh8 59. d7 Kh7 60. Re5 Kh8 61. d8=Q+ Kh7 62. Qg8# 1-0


[Site "https://www.chess.com"]

[Event "Titled Tuesday Blitz November 29 Late 2022"]
[White "Donchenko, Alexander"]
[Black "Souleidis, Georgios"]
[WhiteFideId "24603295"]
[BlackFideId "4206827"]
[WhiteElo "2572"]
[BlackElo "2401"]
[Result "1-0"]
[Round "05"]
[TimeControl "180+1"]
[Date "2022.11.30"]
[WhiteClock "0:01:07"]
[BlackClock "0:00:03"]

1. c4 e5 2. g3 Nc6 3. Nc3 Bc5 4. Bg2 a6 5. e3 d6 6. Nge2 Ba7 7. b3 Nf6 8. Bb2 O-O 9. O-O Re8 10. h3 e4 11. d3 exd3 12. Qxd3 Ne5 13. Qc2 Ng6 14. Rad1 Rb8 15. Rfe1 Qe7 16. Kh2 Bd7 17. Nd4 c6 18. Nf5 Bxf5 19. Qxf5 Rbd8 20. Re2 Bb8 21. Red2 Bc7 22. Kg1 Rd7 23. Ba3 Red8 24. Ne4 Nxe4 25. Qxe4 Qe6 26. h4 Qxe4 27. Bxe4 Ne7 28. Bf3 f5 29. Kg2 g6 30. e4 fxe4 31. Bxe4 Kf7 32. h5 Ng8 33. hxg6+ hxg6 34. Rh1 Nf6 35. Bb1 d5 36. cxd5 Rxd5 37. Re2 R8d7 38. Rh6 g5 39. Bb2 Ng8 40. Bg6+ Kf8 41. Re8# 1-0


[Site "https://www.chess.com"]

[Event "Titled Tuesday Blitz November 29 Late 2022"]
[White "Ehlvest, Jaan"]
[Black "Melkumyan, Hrant"]
[WhiteFideId "4500016"]
[BlackFideId "13302485"]
[WhiteElo "2430"]
[BlackElo "2604"]
[Result "0-1"]
[Round "05"]
[TimeControl "180+1"]
[Date "2022.11.30"]
[WhiteClock "0:00:05"]
[BlackClock "0:01:26"]

1. e4 c5 2. Nf3 Nc6 3. Bb5 g6 4. Bxc6 dxc6 5. d3 Bg7 6. h3 e5 7. Be3 Qe7 8. Nc3 Nf6 9. Qd2 h6 10. O-O Nd7 11. Nh2 Nf8 12. f4 exf4 13. Rxf4 Be6 14. Qf2 Nd7 15. Rf1 b6 16. Qd2 O-O-O 17. R4f2 Kb7 18. a3 Ne5 19. Nf3 Nc4 20. Qe2 Nxe3 21. Qxe3 Bd4 22. Qe2 Bxf2+ 23. Qxf2 g5 24. Nd2 Qd6 25. Kh1 h5 26. Qe3 Rdg8 27. b4 cxb4 28. axb4 Qxb4 29. Ne2 h4 30. Nd4 Qe7 31. Rb1 g4 32. Nxe6 fxe6 33. Nc4 Qc7 34. e5 gxh3 35. Qxh3 Rg3 36. Qxe6 h3 37. Kh2 Rxg2+ 38. Kh1 Rxc2 39. Nd6+ Ka8 40. Rf1 Qg7 41. Rg1 Qg2+ 0-1


[Site "https://www.chess.com"]

[Event "Titled Tuesday Blitz November 29 Late 2022"]
[White "Espinosa, Pedro"]
[Black "Buchenau, Frank"]
[WhiteFideId "30921066"]
[BlackFideId "4604350"]
[WhiteElo "2016"]
[BlackElo "2157"]
[Result "1-0"]
[Round "05"]
[TimeControl "180+1"]
[Date "2022.11.30"]
[WhiteClock "0:00:13"]
[BlackClock "0:00:05"]

1. d4 e6 2. c4 Nf6 3. Nf3 b6 4. g3 Bb7 5. Bg2 Be7 6. O-O O-O 7. Nc3 Ne4 8. Qc2 Nxc3 9. Qxc3 f5 10. Rd1 Bf6 11. Bf4 d6 12. Qd2 Qe7 13. d5 e5 14. Bg5 Nd7 15. Bxf6 Qxf6 16. b4 a5 17. a3 f4 18. Qc3 e4 19. Qxf6 Nxf6 20. Nd4 f3 21. exf3 exf3 22. Bxf3 Nd7 23. Be2 Rfe8 24. Ne6 Nf8 25. Bg4 Bc8 26. bxa5 Rxa5 27. Re1 Bxe6 28. dxe6 Ng6 29. f4 Ne7 30. Re3 Rea8 31. Bf3 R8a7 32. Bd5 c6 33. Bf3 Rc5 34. Be2 Kf8 35. Rd1 Nf5 36. Red3 Rxc4 37. Bg4 1-0


[Site "https://www.chess.com"]

[Event "Titled Tuesday Blitz November 29 Late 2022"]
[White "Estrada Nieto, Julian"]
[Black "Weisz, Bryan"]
[WhiteFideId "5101018"]
[BlackFideId "30934133"]
[WhiteElo "2221"]
[BlackElo "2296"]
[Result "1-0"]
[Round "05"]
[TimeControl "180+1"]
[Date "2022.11.30"]
[WhiteClock "0:00:09"]
[BlackClock "0:00:06"]

1. e4 e5 2. Nf3 Nc6 3. Bb5 a6 4. Ba4 Nf6 5. O-O Nxe4 6. d4 b5 7. Bb3 d5 8. dxe5 Be6 9. Nbd2 Be7 10. c3 O-O 11. Bc2 f5 12. exf6 Nxf6 13. Nb3 Bg4 14. Qd3 Ne4 15. Nbd4 Nxd4 16. Nxd4 Bd7 17. f3 Nf6 18. Bg5 c5 19. Bxf6 Bxf6 20. Qxh7+ Kf7 21. Qh5+ Ke7 22. Qxd5 Bxd4+ 23. cxd4 Be6 24. Qxc5+ Kf7 25. Qh5+ Ke7 26. Qh4+ Kf7 27. Qf4+ Kg8 28. Qe4 Bf5 29. Bb3+ Kh8 30. Qe5 Qb6 31. Rad1 Rae8 32. Qg3 Rf6 33. Qh4+ Rh6 34. Qf4 Qf6 35. Rfe1 Rd8 36. Qe5 Qg6 37. d5 Rh5 38. Qe7 Rg8 39. d6 Rg5 40. Re2 Rc8 41. d7 Qb6+ 42. Kf1 Rd8 43. Qe8+ Kh7 44. Qe7 Rg6 45. Qe3 Rh6 46. Qxb6 Rxb6 47. g4 Bg6 48. Re7 Rc6 49. Kf2 Rc7 50. Kg3 Bc2 51. Rc1 Bxb3 52. Rxc7 Bxa2 53. Rc8 Rxd7 54. Rxd7 Be6 55. Rcc7 Bxd7 56. Rxd7 a5 57. Ra7 a4 58. Ra5 1-0


[Site "https://www.chess.com"]

[Event "Titled Tuesday Blitz November 29 Late 2022"]
[White "Ezat, Mohamed"]
[Black "Yuan, Qingyu"]
[WhiteFideId "10600906"]
[BlackFideId "8609772"]
[WhiteElo "2386"]
[BlackElo "2359"]
[Result "1-0"]
[Round "05"]
[TimeControl "180+1"]
[Date "2022.11.30"]
[WhiteClock "0:00:29"]
[BlackClock "0:00:02"]

1. d4 Nf6 2. c4 e6 3. Nc3 Bb4 4. e3 O-O 5. a3 Bxc3+ 6. bxc3 c5 7. Bd3 Nc6 8. Ne2 d6 9. O-O e5 10. f3 b6 11. e4 Nd7 12. f4 Ba6 13. Ng3 cxd4 14. cxd4 Nxd4 15. Bb2 Nc5 16. Bxd4 exd4 17. Nf5 Qf6 18. g4 Rfe8 19. Re1 h6 20. h4 Ne6 21. g5 Qd8 22. Qg4 h5 23. Qg3 Nc5 24. Rad1 Rc8 25. Bb1 d3 26. Bxd3 g6 27. Nh6+ Kg7 28. Bb1 Na4 29. e5 Qc7 30. exd6 Qc5+ 31. Kh2 Rcd8 32. f5 Qxc4 33. d7 Rxe1 34. Rxe1 Nc5 35. Qe5+ Kh7 36. fxg6+ fxg6 37. Qe7+ 1-0


[Site "https://www.chess.com"]

[Event "Titled Tuesday Blitz November 29 Late 2022"]
[White "Fedoseev, Vladimir"]
[Black "Hambleton, Aman"]
[WhiteFideId "24130737"]
[BlackFideId "2606577"]
[WhiteElo "2726"]
[BlackElo "2538"]
[Result "1/2-1/2"]
[Round "05"]
[TimeControl "180+1"]
[Date "2022.11.30"]
[WhiteClock "0:00:12"]
[BlackClock "0:00:17"]

1. e4 c5 2. Nf3 e6 3. d4 cxd4 4. Nxd4 Nc6 5. Nc3 Qc7 6. a3 a6 7. Be3 b5 8. Nxc6 Qxc6 9. g4 Bb7 10. Bg2 Ne7 11. h4 Ng6 12. h5 Ne5 13. Bd4 f6 14. g5 Bc5 15. h6 gxh6 16. gxf6 Rg8 17. Qh5+ Nf7 18. Qxc5 Qxc5 19. Bxc5 Rxg2 20. Ke2 d6 21. Be3 Rg6 22. Rag1 Rxf6 23. Rg7 Kf8 24. Rhg1 Ke7 25. Rxh7 Rh8 26. Rxh8 Nxh8 27. Rg8 Rf8 28. Rxf8 Kxf8 29. Bxh6+ Ke8 30. f4 Nf7 31. Bg7 e5 32. Ke3 exf4+ 33. Kxf4 Kd7 34. Kf5 Nd8 35. Nd5 Nc6 36. Bf6 Na5 37. b3 Bc6 38. Bd4 Bb7 39. Bc3 Nc6 40. Kf6 Nd8 41. Ba5 Nc6 42. Bc3 Nb8 43. Bd4 Nc6 44. Bb2 Nb8 45. Kf7 Nc6 46. Nf6+ Kc7 47. Bc3 Bc8 48. Nd5+ Kd8 49. Bf6+ Kd7 50. Nb6+ Kc7 51. Nxc8 Kxc8 52. Ke6 Kc7 53. b4 a5 54. c3 a4 55. Bg7 Nd8+ 56. Kd5 Kd7 57. c4 bxc4 58. Kxc4 Ne6 59. Bh6 Kc6 60. Be3 Nc7 61. Bc1 Nb5 62. Bb2 Nc7 63. b5+ Nxb5 64. Kb4 Nc7 65. Bd4 Ne6 66. Be3 d5 67. exd5+ Kxd5 68. Kxa4 Kc6 69. Ka5 Kb7 70. Kb5 Nc7+ 71. Kc5 Ne6+ 72. Kd6 Nd4 73. Bxd4 Ka8 74. Kc6 Kb8 75. Kb6 Ka8 76. Ka6 Kb8 77. Bb6 Ka8 78. Kb5 Kb8 79. Kc6 Ka8 80. Bc5 Kb8 81. Be3 Ka8 82. Kb5 Kb8 83. Ka6 Ka8 84. a4 Kb8 85. a5 Ka8 86. Kb6 Kb8 87. Bd4 Ka8 88. Bc3 Kb8 89. Bb4 Ka8 90. Bd6 1/2-1/2


[Site "https://www.chess.com"]

[Event "Titled Tuesday Blitz November 29 Late 2022"]
[White "Fernandez Guillen, Ernesto J."]
[Black "Deac, Bogdan-Daniel"]
[WhiteFideId "3512428"]
[BlackFideId "1226380"]
[WhiteElo "2450"]
[BlackElo "2648"]
[Result "0-1"]
[Round "05"]
[TimeControl "180+1"]
[Date "2022.11.30"]
[WhiteClock "0:00:10"]
[BlackClock "0:00:16"]

1. e4 c6 2. d4 d5 3. e5 Bf5 4. c3 e6 5. Bd3 Bxd3 6. Qxd3 Qa5 7. Ne2 Qa6 8. Qd1 c5 9. O-O Nc6 10. Nd2 cxd4 11. cxd4 Nge7 12. Nf3 Nf5 13. g4 Nfe7 14. Ng3 h6 15. Be3 g6 16. h4 Bg7 17. h5 g5 18. Qd2 Qb6 19. Rfc1 f6 20. a3 Qd8 21. exf6 Bxf6 22. b4 a6 23. Re1 Qd6 24. Rac1 O-O 25. Kg2 Rf7 26. Ne5 Bxe5 27. dxe5 Qxe5 28. Bc5 Qf6 29. Re3 d4 30. Re4 e5 31. Rce1 Qf3+ 32. Kg1 Nd5 33. Qe2 Nc3 34. Qxf3 Rxf3 35. Rxe5 Nxe5 36. Rxe5 d3 37. Nf1 Rf4 38. Nd2 Rxg4+ 39. Kf1 Ne2 40. Re7 Rg1# 0-1


[Site "https://www.chess.com"]

[Event "Titled Tuesday Blitz November 29 Late 2022"]
[White "Firouzja, Alireza"]
[Black "Papasimakopoulos, Alexandros"]
[WhiteFideId "12573981"]
[BlackFideId "4244125"]
[WhiteElo "2903"]
[BlackElo "2365"]
[Result "1-0"]
[Round "05"]
[TimeControl "180+1"]
[Date "2022.11.30"]
[WhiteClock "0:01:09"]
[BlackClock "0:00:02"]

1. d4 e6 2. Nf3 Nf6 3. Bg5 c5 4. e3 Qb6 5. Bxf6 gxf6 6. Qc1 d5 7. c3 Bd7 8. Nbd2 cxd4 9. exd4 Bb5 10. a4 Bxf1 11. Nxf1 Nc6 12. Ng3 Qa6 13. Qc2 h5 14. Ne2 Rc8 15. O-O h4 16. h3 Bd6 17. Rfe1 f5 18. Nc1 Kd7 19. Nd3 Qb6 20. Qe2 Rcg8 21. b4 a6 22. b5 Na5 23. Nde5+ Bxe5 24. Nxe5+ Ke7 25. Rab1 Rh6 26. bxa6 Qxa6 27. Rb5 Nc6 28. Nd3 Nd8 29. Rxd5 Rhg6 30. Nf4 Qxe2 31. Nxg6+ Kf6 32. Rxe2 exd5 33. Ne7 Rh8 34. Nxd5+ Kg7 35. Re7 Rh6 36. Ne3 Ra6 37. Rd7 Ne6 38. Nxf5+ Kf6 39. Nxh4 Rxa4 40. Rxb7 Ra1+ 41. Kh2 Rc1 42. Rb6 1-0


[Site "https://www.chess.com"]

[Event "Titled Tuesday Blitz November 29 Late 2022"]
[White "Girel, Joseph"]
[Black "Dzierzak, Radoslaw"]
[WhiteFideId "36033561"]
[BlackFideId "1161407"]
[WhiteElo "2281"]
[BlackElo "2111"]
[Result "1-0"]
[Round "05"]
[TimeControl "180+1"]
[Date "2022.11.30"]
[WhiteClock "0:00:11"]
[BlackClock "0:00:01"]

1. d4 Nf6 2. Nf3 e6 3. c4 Bb4+ 4. Nbd2 b6 5. a3 Bxd2+ 6. Qxd2 Bb7 7. e3 Ne4 8. Qc2 a5 9. Be2 d6 10. O-O Nd7 11. b3 f5 12. Bb2 O-O 13. Ne1 Qg5 14. Bf3 Qh6 15. Nd3 g5 16. b4 g4 17. Be2 Qh4 18. d5 e5 19. Rad1 Rf6 20. f3 Rh6 21. fxe4 fxe4 22. h3 gxh3 23. Rf2 exd3 24. Bxd3 hxg2 25. Rxg2+ Kh8 26. Bf5 Rf8 27. Rf1 Nf6 28. Rf3 Qe1+ 29. Rf1 Qxe3+ 30. Qf2 Qxf2+ 31. Rfxf2 axb4 32. axb4 Nh5 33. Be6 Nf4 34. Rxf4 Rxf4 35. Rg8# 1-0


[Site "https://www.chess.com"]

[Event "Titled Tuesday Blitz November 29 Late 2022"]
[White "Goncalves, Davi Sulzbacher"]
[Black "Jimenez, Joaquin"]
[WhiteFideId "2154510"]
[BlackFideId "109860"]
[WhiteElo "2182"]
[BlackElo "2163"]
[Result "1-0"]
[Round "05"]
[TimeControl "180+1"]
[Date "2022.11.30"]
[WhiteClock "0:00:12"]
[BlackClock "0:00:19"]

1. Nf3 Nf6 2. g3 g6 3. Bg2 Bg7 4. O-O O-O 5. c4 d6 6. Nc3 e5 7. b3 Nc6 8. Bb2 h6 9. d4 Bg4 10. dxe5 dxe5 11. Nd5 Nxd5 12. cxd5 Bxf3 13. dxc6 Bxg2 14. Kxg2 bxc6 15. Rc1 Qxd1 16. Rfxd1 Rad8 17. Ba3 Rfe8 18. Bb4 e4 19. Rxd8 Rxd8 20. Rxc6 Be5 21. Rc4 e3 22. f4 Bd6 23. Bxd6 Rxd6 24. Kf3 Ra6 25. a4 Rb6 26. Rxc7 Rxb3 27. Rxa7 Ra3 28. a5 h5 29. a6 Kg7 30. Ra8 Kh7 31. h3 Kg7 32. g4 h4 33. g5 Kh7 34. Kg4 Ra4 35. a7 Kg7 36. Kf3 Ra3 37. Ke4 Kh7 38. Ke5 Kg7 39. Kd4 Kh7 40. Kc5 Kg7 41. Kb6 Rb3+ 42. Kc7 Rc3+ 43. Kd6 Ra3 44. Ke5 Ra2 45. Kd4 Ra3 46. Ke4 Kh7 47. Kf3 Kg7 48. Kg4 Ra4 49. Re8 Rxa7 50. Kxh4 Ra3 51. Kg3 Rb3 52. Kf3 Rb1 53. Rxe3 Rh1 54. Kg2 Ra1 55. Re4 Ra2 56. Kg3 Ra3+ 57. e3 Ra1 58. Re8 Rg1+ 59. Kf2 Rh1 60. Kg2 Re1 61. e4 Re2+ 62. Kf3 Rh2 63. Kg3 Re2 64. h4 Re3+ 65. Kg4 f5+ 66. gxf6+ Kxf6 67. e5+ Kf7 68. Ra8 Re1 69. Ra7+ Ke6 70. Ra3 Rg1+ 71. Rg3 Rh1 72. Kg5 Kf7 73. Rg4 Re1 74. h5 gxh5 75. Kxh5 Ke6 76. Rg6+ Kf7 77. Rf6+ Ke7 78. Kg5 Rh1 79. Rh6 Rg1+ 80. Kf5 Rg7 81. Ra6 Rg1 82. Ra7+ Kf8 83. Kf6 Ke8 84. e6 1-0


[Site "https://www.chess.com"]

[Event "Titled Tuesday Blitz November 29 Late 2022"]
[White "Graif, William"]
[Black "Leitao, Rafael"]
[WhiteFideId "2609835"]
[BlackFideId "2101246"]
[WhiteElo "2205"]
[BlackElo "2609"]
[Result "0-1"]
[Round "05"]
[TimeControl "180+1"]
[Date "2022.11.30"]
[WhiteClock "0:00:01"]
[BlackClock "0:00:35"]

1. d4 Nf6 2. Nc3 d5 3. e4 dxe4 4. Bg5 Nc6 5. d5 Ne5 6. Qd4 Ng6 7. O-O-O e5 8. Qa4+ Bd7 9. Bb5 a6 10. Bxd7+ Qxd7 11. Qxd7+ Nxd7 12. Nxe4 f5 13. Nc3 Bb4 14. Bd2 O-O 15. Nge2 Nf6 16. f3 Rad8 17. Bg5 Be7 18. Bxf6 Bxf6 19. Na4 b6 20. c4 Nh4 21. Rhg1 Bg5+ 22. Kc2 Be3 23. Rge1 Nxg2 24. Rf1 Bh6 25. Nac3 Ne3+ 26. Kb3 Nxf1 27. Rxf1 Be3 28. Ng3 g6 29. Re1 Bd4 30. Nce2 Bc5 31. Kc3 Rfe8 32. b4 Bd6 33. a3 a5 34. Nc1 axb4+ 35. axb4 Ra8 36. Nb3 Ra3 37. Ne2 Rea8 38. Nc1 R8a4 39. Nd3 Ra2 40. c5 bxc5 41. bxc5 Bf8 42. Rxe5 Bg7 43. d6 cxd6 44. cxd6 Bxe5+ 45. Nxe5 Ra8 46. d7 R2a7 47. Nd4 Kg7 48. Ndc6 Rc7 49. Kd4 Kf6 0-1


[Site "https://www.chess.com"]

[Event "Titled Tuesday Blitz November 29 Late 2022"]
[White "Han, Yichen"]
[Black "Indjic, Aleksandar"]
[WhiteFideId "1054430"]
[BlackFideId "911925"]
[WhiteElo "2323"]
[BlackElo "2592"]
[Result "0-1"]
[Round "05"]
[TimeControl "180+1"]
[Date "2022.11.30"]
[WhiteClock "0:00:08"]
[BlackClock "0:00:11"]

1. e4 Nf6 2. e5 Nd5 3. Nc3 Nxc3 4. dxc3 d6 5. Bc4 e6 6. Nf3 Nc6 7. Bf4 h6 8. h4 a6 9. Qe2 d5 10. Bd3 b6 11. g4 Bb7 12. g5 hxg5 13. Nxg5 Qd7 14. O-O-O Be7 15. h5 b5 16. h6 Bxg5 17. Bxg5 gxh6 18. Bf6 Rf8 19. f4 Ne7 20. Rdg1 O-O-O 21. Rxh6 Ng8 22. Bxd8 Nxh6 23. Bg5 Nf5 24. a4 bxa4 25. Bxa6 Qc6 26. Bb5 Qc5 27. Rd1 a3 28. Bd3 axb2+ 29. Kxb2 d4 30. Qd2 Ne3 31. Ra1 Rh8 32. cxd4 Qb6+ 33. Ka3 Nd5 34. c4 Kd7 35. Bc2 Ra8+ 36. Ba4+ Bc6 37. Qc2 Qb4+ 38. Ka2 Rxa4+ 39. Qxa4 Nc3# 0-1


[Site "https://www.chess.com"]

[Event "Titled Tuesday Blitz November 29 Late 2022"]
[White "Hansen, Eric"]
[Black "Di Berardino, Diego Rafael"]
[WhiteFideId "2606771"]
[BlackFideId "2105446"]
[WhiteElo "2568"]
[BlackElo "2442"]
[Result "1-0"]
[Round "05"]
[TimeControl "180+1"]
[Date "2022.11.30"]
[WhiteClock "0:00:43"]
[BlackClock "0:00:05"]

1. e4 c5 2. Nf3 b6 3. c4 Bb7 4. Nc3 e6 5. d4 cxd4 6. Nxd4 Nf6 7. f3 Bc5 8. Nb3 O-O 9. Nxc5 bxc5 10. Be3 d6 11. e5 dxe5 12. Bxc5 Nc6 13. Qxd8 Rfxd8 14. Rd1 Nd4 15. Be2 Nh5 16. Kf2 Nf4 17. Bf1 a5 18. b3 h5 19. Bb6 Rd7 20. Nb5 a4 21. b4 Bc6 22. Nxd4 exd4 23. b5 Bb7 24. Rxd4 Rxd4 25. Bxd4 Rd8 26. Be3 e5 27. Be2 Nd3+ 28. Bxd3 Rxd3 29. Rc1 Ra3 30. Rc2 f5 31. c5 f4 32. Bc1 1-0


[Site "https://www.chess.com"]

[Event "Titled Tuesday Blitz November 29 Late 2022"]
[White "Harish, Neeraj"]
[Black "Forgacs, Attila Jr."]
[WhiteFideId "30958130"]
[BlackFideId "773654"]
[WhiteElo "1815"]
[BlackElo "2168"]
[Result "0-1"]
[Round "05"]
[TimeControl "180+1"]
[Date "2022.11.30"]
[WhiteClock "0:00:05"]
[BlackClock "0:01:37"]

1. e4 e5 2. Nf3 Nc6 3. Bc4 Nf6 4. d3 h6 5. O-O d6 6. Nc3 g5 7. a4 Bg7 8. a5 a6 9. Nd5 Nxd5 10. Bxd5 O-O 11. c3 Ne7 12. Bb3 Ng6 13. d4 Bg4 14. h3 Bxf3 15. Qxf3 exd4 16. cxd4 Bxd4 17. Qh5 Kg7 18. Ra4 Qf6 19. Rc4 c5 20. Kh1 Rae8 21. f4 Rxe4 22. Bc2 Nxf4 23. Bxe4 Nxh5 24. Rxf6 Nxf6 25. Bxb7 Re8 26. Bxa6 Re1+ 27. Kh2 Ne4 28. g4 Re2+ 29. Kh1 Ng3# 0-1


[Site "https://www.chess.com"]